 Dungeon Crawl Stone Soup version 0.25-a0-161-gb7fd73d (webtiles) character file.

Game seed: 379588507751487520, levelgen mode: deterministic

145 Blackhawk the Chopper (level 5, 0/41 HPs)
             Began as a Demonspawn Gladiator on Nov 21, 2019.
             Slain by a bullfrog (1 damage)
             ... on level 3 of the Dungeon.
             The game lasted 00:03:00 (2916 turns).

Blackhawk the Chopper (Demonspawn Gladiator)        Turns: 2916, Time: 00:03:01

Health: 0/41       AC:  3    Str: 15    XL:     5   Next: 6%
Magic:  5/5        EV: 12    Int: 10    God:
Gold:   63         SH:  4    Dex: 14    Spells: 4/4 levels left

rFire    . . .     SeeInvis .   a - +0 war axe
rCold    . . .     Gourm    .   i - +0 buckler
rNeg     . . .     Faith    .   b - +0 leather armour
rPois    .         Spirit   .   (helmet restricted)
rElec    .         Reflect  .   (no cloak)
rCorr    .         Harm     .   (no gloves)
MR       .....                  (no boots)
Stlth    +.........             (no amulet)
HPRegen  0.13/turn              (no ring)
MPRegen  0.09/turn              (no ring)

@: no status effects
A: horns 1
a: no special abilities


You were on level 3 of the Dungeon.
You were hungry.

You visited 1 branch of the dungeon, and saw 4 of its levels.

You collected 63 gold pieces.

Inventory:

Hand Weapons
 a - a +0 war axe (weapon)
Missiles
 d - 3 throwing nets (quivered)
Armour
 b - a +0 leather armour (worn)
 c - a +0 helmet
 i - a +0 buckler (worn)
Scrolls
 e - 2 scrolls of enchant weapon {unknown}
 h - a scroll of immolation {unknown}
 k - a scroll of noise {unknown}
Potions
 j - a potion of heal wounds {unknown}
 l - a potion of haste {unknown}
Comestibles
 f - 4 rations


   Skills:
 + Level 3.1 Fighting
 + Level 3.4 Axes
 - Level 1.7 Throwing
 + Level 1.7 Armour
 - Level 2.8 Dodging
 + Level 1.8 Shields


You had 4 spell levels left.
You didn't know any spells.
Your spell library was empty.

Dungeon Overview and Level Annotations

Branches:
Dungeon (4/15)
 Temple: D:4-7

Altars:
Cheibriados


Innate Abilities, Weirdness & Mutations

You have a pair of small horns on your head.


Message History

The bullfrog is heavily wounded.
The bullfrog barely misses you. The bullfrog hits you!
You slash the bullfrog!
The bullfrog is severely wounded.
The bullfrog barely misses you. The bullfrog hits you.
* * * LOW HITPOINT WARNING * * *
You hit the bullfrog.
The bullfrog is almost dead.
The bullfrog hits you.
* * * LOW HITPOINT WARNING * * *
The bullfrog barely misses you.
You closely miss the bullfrog.
The bullfrog is almost dead.
The bullfrog hits you.
* * * LOW HITPOINT WARNING * * *
The bullfrog hits you but does no damage.
You barely miss the bullfrog.
The bullfrog is almost dead.
The bullfrog hits you.
You die...

###...# #...#.##### #
#.......#
#.#.#####.###
#.#.#))$#...##
#..†#...#....##
#..)#...#.....##
#..##.###.##....#
#...#.#†@F# #....#
#..##.##...##.##..##
....#.#.......# #...#
..##.##.......##.##.#
#.#(#...##......# #.#
###..# ##.....###.#
...# #.........# ###
#........##
#........#


You could see a bullfrog.

Vanquished Creatures
  Terence (D:2)
  5 adders
  2 worms
  4 giant cockroaches
  11 goblins
  7 hobgoblins
  7 jackals
  A quokka (D:2)
  2 ball pythons
  7 bats
  5 frilled lizards
  6 kobolds
  9 rats
67 creatures vanquished.

Notes
Turn   | Place    | Note
-------+----------+-------------------------------------------
     0 | D:1      | Blackhawk the Demonspawn Gladiator began the quest for the
                  | Orb.
     0 | D:1      | Reached XP level 1. HP: 16/16 MP: 1/1
   362 | D:1      | Gained mutation: You have a pair of small horns on your
                  | head. [demonic ancestry]
   362 | D:1      | Reached XP level 2. HP: 19/22 MP: 2/2
   906 | D:1      | Reached XP level 3. HP: 28/28 MP: 3/3
  1113 | D:2      | Reached skill level 1 in Shields
  1125 | D:2      | Noticed Terence
  1159 | D:1      | Reached skill level 1 in Armour
  1605 | D:2      | Killed Terence
  1605 | D:2      | Reached XP level 4. HP: 16/34 MP: 4/4
  2197 | D:2      | Found a snail-covered altar of Cheibriados.
  2798 | D:2      | You fall into a shaft and drop 2 floors!
  2847 | D:3      | Reached XP level 5. HP: 41/41 MP: 5/5
  2915 | D:3      | HP: 1/41 [bullfrog (5)]
  2916 | D:3      | Slain by a bullfrog

Levels and vault maps discovered:
D:1:      wander_arrival_peaceful_grave, layout_loops_ring
D:2:      layout_loops_cross, lemuel_crystal_altar, minmay_misc_feat_alley,
          uniq_terence
D:3:      layout_basic, eat_drink_and_be_merry_uskayaw, minmay_vboxes
D:4:      layout_basic, minmay_temple_entry_trees, first_ration,
          minmay_fractal_squares_diagonal_5

Skill      XL: |  1  2  3  4 |
---------------+-------------+-----
Axes           | 3 |  3.4
Shields        | 1 |  1.8
Armour         | 1 |  1.7
Fighting       | 3 |  3.1
Throwing       | |  1.7
Dodging        | |  2.8

Action                   |  1- 3 |  4- 6 || total
-------------------------+-------+-------++-------
Melee: War axe           |   107 |   109 ||   216
       Headbutt          |    19 |    12 ||    31
 Stab: Sleeping          |     3 |     1 ||     4
  Eat: Chunk             |     2 |     4 ||     6
Armor: Leather armour    |    20 |    17 ||    37
Dodge: Dodged            |    85 |    70 ||   155
Block: Buckler           |    15 |    26 ||    41

Table legend:
 A = Non-vault XP
 B = Vault XP
 C = Vault XP percentage of total XP
 D = Non-vault monster count
 E = Vault monster count
 F = Vault count percentage of total count
                 A         B        C        D         E       F
            +---------+---------+-------+---------+---------+-------
      Total |     156 |      52 |  25.0 |      58 |       9 |  13.4
            +---------+---------+-------+---------+---------+-------
        D:1 |      69 |       0 |   0.0 |      30 |       0 |   0.0
        D:2 |      81 |      36 |  30.8 |      25 |       1 |   3.8
        D:3 |       6 |      16 |  72.7 |       3 |       8 |  72.7
            +---------+---------+-------+---------+---------+-------
